 Dungeon Crawl Stone Soup version 0.27.0-1-g7a089689b8 (webtiles) character file.

Game seed: 12763667190579211516

55 mandarbmax the Scratcher (level 3, -1/17 HPs)
             Began as a Felid Monk on July 31, 2021.
             Was a Priest of the Shining One.
             Slain by a river rat (7 damage)
             ... in a sewer.
             The game lasted 00:04:44 (2690 turns).

mandarbmax the Scratcher (Felid Monk)               Turns: 2690, Time: 00:04:45

Health: -1/17      AC:  1    Str:  7    XL:     3   Next: 67%
Magic:  4/4        EV: 19    Int: 17    God:    the Shining One [***...]
Gold:   132        SH:  0    Dex: 19    Spells: 0/2 levels left
                                        Lives:  0   Deaths: 1

rFire    . . .     SeeInvis +     - Unarmed
rCold    . . .     Faith    .   (shield unavailable)
rNeg     + . .     Spirit   .   (armour unavailable)
rPois    .         Reflect  .   (helmet unavailable)
rElec    .         Harm     .   (cloak unavailable)
rCorr    .         Rampage  .   (gloves unavailable)
Will     .....                  (boots unavailable)
Stlth    +.........             f - amulet of magic regeneration
HPRegen  0.05/turn              e - +6 ring of intelligence
MPRegen  0.34/turn              (no ring)

@: glowing, quick
A: very small, claws 1, fangs 3, see invisible, speed 1, shaggy fur 1, stealthy
paws, no weapons or thrown items, no armour, multi-lived
a: Renounce Religion, Divine Shield


You were in a sewer.
You worshipped the Shining One.
The Shining One was most pleased with you.
You visited 1 branch of the dungeon, and saw 4 of its levels.
You also visited: Sewer.

You collected 132 gold pieces.

Inventory:

Jewellery
 e - a +6 ring of intelligence (left paw)
 f - an amulet of magic regeneration (around neck)
Wands
 b - a wand of iceblast (10)
 i - a wand of digging (4)
Scrolls
 a - a scroll of enchant weapon {unknown}
 c - a scroll of amnesia
 d - a scroll of magic mapping {unknown}
 g - a scroll of noise {unknown}
 h - a scroll of vulnerability {unknown}
 j - a scroll of acquirement {unknown}
Potions
 k - a potion of resistance
 m - a potion of attraction


   Skills:
 - Level 3.0 Fighting
 - Level 4.0 Dodging
 - Level 2.6 Stealth
 + Level 5.3 Unarmed Combat


You couldn't memorise any spells.
You knew the following spells:

 Your Spells              Type           Power      Damage    Failure   Level
a - Wereblood             Tmut           0%         N/A       34%         2

Your spell library contained the following spells:

 Spells                   Type           Power      Damage    Failure   Level
 Sublimation of Blood     Necr           0%         N/A       34%         2
 Summon Hydra             Summ           0%         N/A       100%        7


Dungeon Overview and Level Annotations

Branches:
Dungeon (4/15)              Sewer (1/1)
 Temple: D:4-7

Altars:
The Shining One

Annotations:
D:4 Dowan, Duvessa


Innate Abilities, Weirdness & Mutations

You have sharp claws.
You have razor-sharp teeth.
You have supernaturally acute eyesight. (SInv)
You cover ground quickly. (Speed+)
You are covered in fur. (AC +1)
Your paws help you pounce on unaware monsters.
You are incapable of wielding weapons or throwing items.
You cannot wear armour.
You gain extra lives every three experience levels.


Message History

Moving in this stuff is going to be slow. 2 rats and a river rat come into view.
You scratch the river rat but do no damage.
The river rat bites you.
You barely miss the river rat. Your bite misses the river rat.
The river rat bites you!
You are too injured to fight recklessly!
You are too injured to fight recklessly!
You are too injured to fight recklessly!
You are too injured to fight recklessly!
You are too injured to fight recklessly!
You are too injured to fight recklessly!
You are too injured to fight recklessly!
You are too injured to fight recklessly!
You are too injured to fight recklessly!
You are too injured to fight recklessly!
You are too injured to fight recklessly!
You are too injured to fight recklessly!
You are too injured to fight recklessly!
You are too injured to fight recklessly!
You are too injured to fight recklessly!
You are too injured to fight recklessly!
You are too injured to fight recklessly!
You are too injured to fight recklessly!
You are too injured to fight recklessly!
You are too injured to fight recklessly!
You are too injured to fight recklessly!
You are too injured to fight recklessly!
You barely miss the river rat. The river rat barely misses you.
The rat bites you.
You scratch the river rat. You claw the river rat.
The river rat is moderately wounded.
The river rat closely misses you.
The rat splashes around in the water.
You scratch the river rat.
The river rat is heavily wounded.
The river rat completely misses you.
The rat splashes around in the water.
You scratch the river rat.
The river rat is severely wounded.
The river rat bites you!
You die...

#≈≈≈≈≈≈#
#≈≈≈≈≈≈#
#≈≈≈≈≈≈#
#≈≈≈≈≈≈#
#≈≈≈#≈≈#
#≈≈#≈≈≈#
#≈≈≈≈.≈#
#≈≈#≈≈≈#
#≈@≈≈≈≈#
#≈rr≈≈≈#
#≈≈r≈≈≈#
#≈≈≈≈≈≈#
#≈≈≈≈≈≈#
#≈≈≈≈≈≈#
##≈..≈##
......


You could see a river rat and 2 rats.

Vanquished Creatures
  2 adders (D:2)
  An adder skeleton (D:4)
  A worm (D:2)
  3 dart slugs
  An orc (D:3)
  3 endoplasms
  6 giant cockroaches
  5 goblins
  5 hobgoblins
  4 jackals (D:2)
  4 kobolds
  11 quokkas
  5 ball pythons
  4 bats
  3 frilled lizards (D:1)
  8 rats
66 creatures vanquished.

Notes
Turn   | Place    | Note
-------+----------+-------------------------------------------
     0 | D:1      | mandarbmax the Felid Monk began the quest for the Orb.
     0 | D:1      | Reached XP level 1. HP: 10/10 MP: 2/2
   146 | D:1      | Reached XP level 2. HP: 6/14 MP: 3/3
   540 | D:1      | Found a faded altar of an unknown god.
   573 | D:1      | Reached skill level 4 in Unarmed Combat
   662 | D:1      | Became a worshipper of the Shining One
   662 | D:1      | Reached * piety under the Shining One
   662 | D:1      | Reached ** piety under the Shining One
   919 | D:2      | Reached XP level 3. HP: 17/17 MP: 4/4
  1562 | D:2      | Reached *** piety under the Shining One
  1639 | D:2      | Learned a level 2 spell: Wereblood
  1702 | D:3      | Reached XP level 4. HP: 21/21 MP: 5/5
  1722 | D:3      | Reached skill level 5 in Unarmed Combat
  2459 | D:4      | Noticed Dowan
  2466 | D:4      | Noticed a scorpion
  2466 | D:4      | Noticed Duvessa
  2492 | D:4      | HP: 1/21 [Duvessa (8)]
  2503 | D:4      | Mangled by Duvessa
  2504 | D:4      | Reached XP level 3. HP: -7/17 MP: 4/4
  2600 | D:4      | Found a glowing drain.
  2618 | Sewer    | Entered a sewer
  2690 | Sewer    | Slain by a river rat

Illustrated notes

Levels and vault maps discovered:
D:1:      minmay_arrival_stone_box, layout_rooms,
          ebering_ecumenical_altar_petrified, minmay_heptomino_d4
D:2:      layout_basic, minmay_cut_off
D:3:      layout_loops_cross
D:4:      layout_loops_ring, gup_sewer_entry_pipe, uniq_sigmund, uniq_pikel,
          uniq_duvessa
Sewer:    sewer_minmay_w

Skill      XL: |  1  2  3  4 |
---------------+-------------+-----
Unarmed Combat | 4 5 |  5.3
Fighting       | |  3.0
Dodging        | |  4.0
Stealth        | |  2.6

Action                   |  1- 3 |  4- 6 || total
-------------------------+-------+-------++-------
Melee: Unarmed           |   112 |    47 ||   159
       Bite              |    10 |     5 ||    15
       Punch             |     2 |     1 ||     3
Invok: Divine Shield     |       |     1 ||     1
  Use: Scroll            |       |     4 ||     4
       Potion            |       |     1 ||     1
 Stab: Sleeping          |     6 |       ||     6
       Distracted        |     1 |       ||     1
Armor: Skin              |     7 |     2 ||     9
Dodge: Dodged            |    76 |    37 ||   113
Block: Other             |       |     2 ||     2
